 Dungeon Crawl Stone Soup version 0.29.0-4-gdea44cf6ec (webtiles) character file.

Game seed: 2747997151873088233

147 qw the Chopper (level 5, -5/30 HPs)
             Began as a Tengu Warper on Aug 28, 2022.
             Slain by Menkaure (11 damage)
             ... on level 4 of the Dungeon.
             The game lasted 00:00:17 (3355 turns).

qw the Chopper (Tengu Warper)                       Turns: 3355, Time: 00:00:17

Health: -5/30      AC:  8    Str: 13    XL:     5   Next: 29%
Magic:  9/9        EV:  7    Int: 14    God:
Gold:   155        SH:  0    Dex: 13    Spells: 8/8 levels left

rFire   . . .      SeeInvis .   Y - +1 hand axe
rCold   . . .      Faith    .   (no shield)
rNeg    . . .      Spirit   .   g - +0 chain mail
rPois   .          Reflect  .   (helmet restricted)
rElec   .          Harm     .   (no cloak)
rCorr   .          Rampage  .   (no gloves)
Will    .....                   (boots unavailable)
Stlth   ..........              (no amulet)
HPRegen 0.10/turn               (no ring)
MPRegen 0.11/turn               (no ring)

@: flying quickly and evasively, quick
A: beak, talons 3, nimble flight
a: no special abilities


You were on level 4 of the Dungeon.
You visited 1 branch of the dungeon, and saw 4 of its levels.

You collected 155 gold pieces.


Innate Abilities, Weirdness & Mutations

You have a beak for a mouth.
You have claws for feet.
Your magical nature lets you fly swiftly and evasively.


   Skills:
 - Level 2.0 Fighting
 + Level 5.9 Axes
 - Level 1.0 Throwing
 - Level 1.1 Armour
 - Level 2.1 Dodging
 - Level 2.0 Spellcasting
 - Level 2.4 Translocations


You had 8 spell levels left.
You didn't know any spells.
Your spell library contained the following spells:

 Spells                   Type           Power      Damage    Failure   Level
 Blink                    Tloc           16%        N/A       99%         2
 Gell's Gravitas          Tloc           8%         N/A       100%        3
 Lesser Beckoning         Tloc           8%         N/A       100%        3
 Teleport Other           Tloc           8%         N/A       100%        3
 Manifold Assault         Tloc           8%         N/A       100%        5

Inventory:

Hand Weapons
 d - a +0 whip
 Y - a +1 hand axe (weapon)
Armour
 g - a +0 chain mail (worn)
 i - a +0 buckler
Scrolls
 c - a scroll of identify
 f - 2 scrolls of enchant armour
Potions
 a - 2 potions of mutation {unknown}
 b - a potion of degeneration {unknown}
 e - a potion of brilliance {unknown}

Dungeon Overview and Level Annotations

Branches:
Dungeon (4/15)
 Temple: D:4-7

Altars:

Annotations:
D:4 3 runed translucent doors, Menkaure; qw's ghost, amateur TeWr


Message History

3341 ||| Stepping ~*~*~tactically~*~*~ (hiding).
You start waiting.
Menkaure is nearby!
3343 ||| Stepping ~*~*~tactically~*~*~ (hiding).
You start waiting.
Menkaure is nearby!
Menkaure hits you.
You slash Menkaure!
Menkaure is moderately damaged.
Menkaure hits you!!
Ouch! That really hurt!
3348 ||| DRINKING potion of heal wounds.
You feel much better. Menkaure barely misses you.
You hit Menkaure. Your peck misses Menkaure.
Menkaure is heavily damaged.
Menkaure hits you!!
Ouch! That really hurt!
You hit Menkaure but do no damage.
Menkaure is heavily damaged.
Menkaure barely misses you.
You hit Menkaure but do no damage. You claw Menkaure, but do no damage.
You peck Menkaure.
Menkaure is heavily damaged.
Menkaure hits you but does no damage. Menkaure barely misses you.
You hit Menkaure. Your peck misses Menkaure.
Menkaure is severely damaged.
Menkaure hits you but does no damage.
You hit Menkaure. You claw Menkaure, but do no damage.
Menkaure is severely damaged.
Menkaure calls on the powers of darkness!
Your body is wracked with pain!
You barely miss Menkaure. You peck Menkaure.
Menkaure is almost destroyed.
Menkaure barely misses you.
You hit Menkaure. You peck Menkaure, but do no damage.
Menkaure is almost destroyed.
Menkaure giggles, "These cerements are ticklish..."
Menkaure hits you!
You die...

# ..###............
#. #.# #######..####
..###.#### #.##
.......# #.# #...#.#
#.# #...#.# ####.#
#.....###.##.# M.#
#........#.#.#
.....##@...####.##.#
...[..M............#
..##.?..#..####.####
###..#..# #.#
#..#..# #.# ...#..#
#.# .......# #.#
##.## #.# #. #..


You could see Menkaure (fast).

Vanquished Creatures
  A scorpion (D:4)
  An adder (D:2)
  A worm (D:3)
  3 bats
  8 endoplasms
  5 giant cockroaches
  4 goblins
  9 hobgoblins
  6 jackals (D:1)
  8 kobolds
  5 quokkas
  6 ball pythons
  5 frilled lizards
  6 rats
68 creatures vanquished.

Notes
Turn   | Place    | Note
-------+----------+-------------------------------------------
     0 | D:1      | qw the Tengu Warper began the quest for the Orb.
     0 | D:1      | Reached XP level 1. HP: 12/12 MP: 4/4
     0 | D:1      | 0 ||| qw: Version: 0.1-a-89-g26bdef1
     0 | D:1      | 0 ||| qw: Game counter: 2372
     0 | D:1      | 0 ||| qw: Always use a shield: true
     0 | D:1      | 0 ||| qw: God list: Okawaru
     0 | D:1      | 0 ||| qw: Allow faded altars: false
     0 | D:1      | 0 ||| qw: Do Orc after D:15 true
     0 | D:1      | 0 ||| qw: Do second Lair branch before Depths: true
     0 | D:1      | 0 ||| qw: Lair rune preference: random
     0 | D:1      | 0 ||| qw: Plans: Normal
     0 | D:1      | 0 ||| PLANNING D:1-11
   192 | D:1      | Reached XP level 2. HP: 16/17 MP: 6/6
   199 | D:1      | Reached skill level 3 in Axes
   273 | D:1      | 273 ||| Stepping ~*~*~tactically~*~*~ (stealth).
   274 | D:1      | 274 ||| Stepping ~*~*~tactically~*~*~ (stealth).
   507 | D:1      | Reached XP level 3. HP: 20/21 MP: 7/7
   798 | D:1      | Reached skill level 4 in Axes
  1056 | D:1      | 1056 ||| UPGRADING to +0 chain mail.
  1066 | D:1      | 1066 ||| DROPPING +0 leather armour.
  1067 | D:1      | 1067 ||| READING scroll labelled BUQ WOESOOFI.
  1068 | D:1      | 1068 ||| READING 2 scrolls labelled HUPUUQOFOCW.
  1069 | D:1      | 1069 ||| READING scroll labelled GIUPUK PEUXER.
  1070 | D:1      | 1070 ||| DROPPING scroll of blinking.
  1311 | D:2      | 1311 ||| Stepping ~*~*~tactically~*~*~ (stealth).
  1530 | D:2      | Reached XP level 4. HP: 22/26 MP: 8/8
  1595 | D:2      | Found a faded altar of an unknown god.
  1633 | D:2      | 1633 ||| Stepping ~*~*~tactically~*~*~ (stealth).
  1881 | D:2      | 1881 ||| DRINKING 2 bubbling emerald potions.
  1882 | D:2      | 1882 ||| DROPPING potion of attraction.
  2482 | D:3      | 2482 ||| Stepping ~*~*~tactically~*~*~ (hiding).
  2571 | D:3      | Reached skill level 5 in Axes
  2867 | D:3      | 2867 ||| READING 2 scrolls labelled VIEWYA USMOEPS.
  3058 | D:4      | Noticed qw's ghost (amateur TeWr)
  3059 | D:4      | Found a runed translucent gate.
  3059 | D:4      | Found a runed translucent gate.
  3059 | D:4      | Found a runed translucent gate.
  3125 | D:4      | 3125 ||| Stepping ~*~*~tactically~*~*~ (stealth).
  3221 | D:4      | Noticed a scorpion
  3236 | D:4      | HP: 6/26 [poisoned by a scorpion]
  3237 | D:4      | 3237 ||| DRINKING 2 potions of heal wounds.
  3241 | D:4      | Killed a scorpion
  3242 | D:4      | Gained mutation: Your magical nature lets you fly swiftly
                  | and evasively. [Tengu growth]
  3242 | D:4      | Reached XP level 5. HP: 23/30 MP: 9/9
  3315 | D:4      | 3315 ||| Stepping ~*~*~tactically~*~*~ (stealth).
  3340 | D:4      | Noticed Menkaure
  3341 | D:4      | 3341 ||| Stepping ~*~*~tactically~*~*~ (hiding).
  3343 | D:4      | 3343 ||| Stepping ~*~*~tactically~*~*~ (hiding).
  3347 | D:4      | HP: 7/30 [Menkaure (21)]
  3348 | D:4      | 3348 ||| DRINKING potion of heal wounds.
  3353 | D:4      | HP: 6/30 [??? (3)]
  3355 | D:4      | Slain by Menkaure

Levels and vault maps discovered:
D:1:      roderic_dead_forest, layout_basic
D:2:      layout_basic, shapermc_ecumenical_altar_totnotflames,
          corexii_hall_statues_deadend
D:3:      layout_loops_ring, st_stairs_6, minmay_crystal_water,
          minmay_crystal_room
D:4:      layout_loops_ring, gammafunk_ghost_split, uniq_menkaure

Skill      XL: |  1  2  3  4 |
---------------+-------------+-----
Axes           | 3 4 5 |  5.9
Fighting       | |  2.0
Throwing       | |  1.0
Armour         | |  1.1
Dodging        | |  2.1
Spellcasting   | |  2.0
Translocations | |  2.4

Action                   |  1- 3 |  4- 6 || total
-------------------------+-------+-------++-------
Melee: Hand axe          |    86 |    81 ||   167
       Kick              |    23 |    19 ||    42
       Peck              |     9 |    13 ||    22
       Punch             |     1 |     1 ||     2
Throw: Boomerang         |     7 |       ||     7
  Use: Scroll            |     3 |     1 ||     4
       Potion            |       |     3 ||     3
Armor: Leather armour    |    13 |       ||    13
       Chain mail        |    11 |    35 ||    46
Dodge: Dodged            |    35 |    17 ||    52

Table legend:
 A = Non-vault XP
 B = Vault XP
 C = Vault XP percentage of total XP
 D = Non-vault monster count
 E = Vault monster count
 F = Vault count percentage of total count
                 A         B        C        D         E       F
            +---------+---------+-------+---------+---------+-------
      Total |     208 |       2 |   1.0 |      67 |       1 |   1.5
            +---------+---------+-------+---------+---------+-------
        D:1 |      52 |       0 |   0.0 |      32 |       0 |   0.0
        D:2 |      34 |       0 |   0.0 |      14 |       0 |   0.0
        D:3 |      27 |       2 |   6.9 |      14 |       1 |   6.7
        D:4 |      95 |       0 |   0.0 |       7 |       0 |   0.0
            +---------+---------+-------+---------+---------+-------
